 Dungeon Crawl Stone Soup version 0.28-a0-631-g0446da8ef9 (webtiles) character file.

Game seed: 5338510795200687992

32 jasper the Poker (level 3, -3/27 HPs)
             Began as a Merfolk Gladiator on Oct 10, 2021.
             Slain by Terence (5 damage)
             ... on level 2 of the Dungeon.
             The game lasted 00:02:05 (1173 turns).

jasper the Poker (Merfolk Gladiator)                Turns: 1173, Time: 00:02:06

Health: -3/27      AC:  4    Str: 14    XL:     3   Next: 27%
Magic:  3/3        EV: 13    Int:  7    God:
Gold:   104        SH:  0    Dex: 16    Spells: 2/2 levels left

rFire   . . .      SeeInvis .   a - +0 trident
rCold   . . .      Faith    .   (no shield)
rNeg    . . .      Spirit   .   b - +0 leather armour
rPois   .          Reflect  .   c - +0 helmet
rElec   .          Harm     .   (no cloak)
rCorr   .          Rampage  .   (no gloves)
Will    .....                   (no boots)
Stlth   +.........              (no amulet)
HPRegen 0.09/turn               (no ring)
MPRegen 0.08/turn               (no ring)

@: mighty
A: (nimble swimmer 2), mertail
a: no special abilities


You were on level 2 of the Dungeon.
You visited 1 branch of the dungeon, and saw 2 of its levels.

You collected 104 gold pieces.

Inventory:

Hand Weapons
 a - a +0 trident (weapon)
Missiles
 d - 3 throwing nets
 g - 4 poisoned darts (quivered)
 h - 42 stones
Armour
 b - a +0 leather armour (worn)
 c - a +0 helmet (worn)
Scrolls
 i - a scroll of identify


   Skills:
 - Level 2.1 Fighting
 + Level 6.3 Polearms
 - Level 2.0 Throwing
 - Level 4.0 Dodging


You had 2 spell levels left.
You didn't know any spells.
Your spell library was empty.

Dungeon Overview and Level Annotations

Branches:
Dungeon (2/15)

Altars:

Annotations:
D:2 Terence


Innate Abilities, Weirdness & Mutations

((You are quick and stealthy near water. (Stealth+, EV+, Speed+++)))
Your lower body shifts to a powerful aquatic tail in water.


Message History

Terence hits you with a +0 hand axe. Terence closely misses you.
You take 3 damage, and have 24/27 hp.
You hit Terence.
Terence is moderately wounded.
Terence hits you but does no damage.
You hit Terence.
Terence is moderately wounded.
Terence closely misses you. Terence hits you with a +0 hand axe.
You take 6 damage, and have 18/27 hp.
MASSIVE DAMAGE!!
You hit Terence but do no damage.
Terence is moderately wounded.
Terence closely misses you.
You closely miss Terence.
Terence is heavily wounded.
Terence barely misses you. Terence hits you with a +0 hand axe.
You take 3 damage, and have 15/27 hp.
You closely miss Terence.
Terence is heavily wounded.
Terence hits you with a +0 hand axe.
You take 3 damage, and have 12/27 hp.
You feel very mighty all of a sudden. Terence hits you with a +0 hand axe.
Terence hits you but does no damage.
You take 2 damage, and have 10/27 hp.
You hit Terence.
Terence is severely wounded.
Terence hits you with a +0 hand axe.
* * * LOW HITPOINT WARNING * * *
You take 3 damage, and have 7/27 hp.
Unknown command.
You hit Terence but do no damage.
Terence is severely wounded.
Terence hits you with a +0 hand axe.
* * * LOW HITPOINT WARNING * * *
Terence closely misses you.
You take 5 damage, and have 2/27 hp.
You closely miss Terence.
Terence is severely wounded.
Terence says, "Rest in peace."
Terence hits you with a +0 hand axe.
You die...

# # (## #.
...# #.###
(...#
#..<#.....>
###@@(.....
#........
#........
#########


You could see Terence (fast, poisoned).

Vanquished Creatures
  A dart slug (D:1)
  6 ball pythons (D:1)
  4 endoplasms (D:1)
  2 giant cockroaches (D:1)
  3 goblins (D:1)
  2 quokkas (D:1)
  3 bats (D:1)
  3 frilled lizards (D:1)
  3 rats (D:1)
27 creatures vanquished.

Notes
Turn   | Place    | Note
-------+----------+-------------------------------------------
     0 | D:1      | jasper the Merfolk Gladiator began the quest for the Orb.
     0 | D:1      | Reached XP level 1. HP: 16/16 MP: 1/1
   276 | D:1      | Reached skill level 5 in Polearms
   286 | D:1      | Reached XP level 2. HP: 22/22 MP: 2/2
   696 | D:1      | Reached skill level 6 in Polearms
   696 | D:1      | Reached XP level 3. HP: 27/27 MP: 3/3
  1158 | D:2      | Noticed Terence
  1173 | D:2      | Slain by Terence

Illustrated notes

Levels and vault maps discovered:
D:1:      minmay_arrival_jagged, layout_loops_cross
D:2:      layout_basic, serial_rivers, chequers_serial_rivers_room_b,
          chequers_serial_rivers_micro_c, chequers_serial_rivers_marsh,
          chequers_serial_rivers_small_3, minivault_19, uniq_sigmund,
          uniq_terence

Skill      XL: |  1  2 |
---------------+-------+-----
Polearms       | 5 6 |  6.3
Fighting       | |  2.1
Throwing       | |  2.0
Dodging        | |  4.0

Action                   || total
-------------------------++-------
Melee: Trident           ||    69
Throw: Dart              ||    36
  Use: Scroll            ||     2
       Potion            ||     1
Armor: Leather armour    ||    12
Dodge: Dodged            ||    24

Table legend: (Time is in decaauts)
 A = Elapsed time spent in this place.
 B = Non-inter-level travel time spent in this place.
 C = Inter-level travel time spent in this place.
 D = Time resting spent in this place.
 E = Time spent auto-exploring this place.
 F = Levels seen in this place.
 G = Mean time per level.
                   A        B        C        D        E       F      G
               +--------+--------+--------+--------+--------+-----+--------+
         Total |   1170 |   1136 |     34 |    215 |    728 |   2 |  585.0 |
       Dungeon |   1170 |   1136 |     34 |    215 |    728 |   2 |  585.0 |
               +--------+--------+--------+--------+--------+-----+--------+

Top non-repeatable levels by time:
     D:1: 1155 daAuts
     D:2: 15 daAuts
